 Dungeon Crawl Stone Soup version 0.30.0-5-g1a98f26d00 (webtiles) character file.

Game seed: 12738752631860218032

1540 monsoonserge the Covert (level 8, -3/40 HPs)
             Began as a Spriggan Delver on May 12, 2023.
             Was a Follower of Uskayaw.
             Engulfed by a steam dragon's steam (10 damage)
             ... on level 7 of the Dungeon.
             The game lasted 00:22:01 (5918 turns).

monsoonserge the Covert (Spriggan Delver)           Turns: 5918, Time: 00:22:02

Health: -3/40      AC:  3    Str:  8    XL:     8   Next: 56%
Magic:  3/20       EV: 19    Int: 11    God:    Uskayaw [*.....]
Gold:   500        SH:  0    Dex: 19    Spells: 6/10 levels left

rFire   . . .        w - +2 dagger (distort)
rCold   . . .        (no shield)
rNeg    . . .        b - +0 robe
rPois   .            (helmet restricted)
rElec   .            E - +0 cloak
rCorr   .            (gloves unavailable)
SInv    +            (boots unavailable)
Will    +....        I - amulet of faith
Stlth   +++++        J - ring of magical power
HPRegen 0.26/turn    (no ring)
MPRegen 0.17/turn

%: faith
@: very slightly contaminated, very quick
A: very small, no large weapons, unfitting armour, see invisible, speed 3
a: Renounce Religion, Stomp


You were on level 7 of the Dungeon.
You worshipped Uskayaw.
Uskayaw was noncommittal.
You visited 2 branches of the dungeon, and saw 8 of its levels.
You also visited: Ossuary.

You collected 500 gold pieces.

Inventory:

Hand Weapons
 n - a +2 short sword of speed
 w - a +2 dagger of distortion (weapon)
Missiles
 D - 4 poisoned darts (quivered)
 F - 6 boomerangs
Armour
 b - a +0 robe (worn)
 E - a +0 cloak (worn)
Magical Staves
 C - a staff of cold
Jewellery
 I - an amulet of faith (around neck)
 J - a ring of magical power (left hand)
Wands
 g - a wand of digging (3)
 u - a wand of quicksilver (25)
 G - a wand of paralysis (9)
Scrolls
 a - 2 scrolls of enchant weapon {unknown}
 c - a scroll of fog
 d - 2 scrolls of magic mapping
 e - 2 scrolls of fear
 h - 9 scrolls of identify {unknown}
 i - 5 scrolls of immolation {unknown}
 j - 4 scrolls of enchant armour {unknown}
 r - a scroll of noise {unknown}
 v - 2 scrolls of poison {unknown}
 y - a scroll of amnesia {unknown}
 z - a scroll of vulnerability {unknown}
 H - a scroll of silence {unknown}
Potions
 f - 2 potions of haste
 k - 7 potions of curing {unknown}
 l - a potion of resistance {unknown}
 m - a potion of invisibility {unknown}
 o - 2 potions of flight {unknown}
 p - 4 potions of mutation {unknown}
 q - a potion of ambrosia {unknown}
 s - 7 potions of lignification {unknown}
 t - 3 potions of heal wounds {unknown}
 x - 3 potions of might {unknown}
 A - a potion of attraction {unknown}
 B - 4 potions of brilliance {unknown}


   Skills:
 + Level 3.5 Fighting
 + Level 5.4 Short Blades
 + Level 0.4 Throwing
 + Level 4.5 Dodging
 - Level 12.0 Stealth
 * Level 1.5 Spellcasting
 * Level 1.6 Hexes
 * Level 3.4 Translocations
 * Level 1.3 Ice Magic
 * Level 3.9 Invocations
 - Level 2.0 Evocations


You had 6 spell levels left.
You knew the following spells:

 Your Spells              Type           Power      Damage    Failure   Level
a - Blink                 Tloc           16%        N/A       12%         2
b - Ensorcelled Hibernat  Hex/Ice        8%         N/A       26%         2

Your spell library contained the following spells:

 Spells                   Type           Power      Damage    Failure   Level
 Lesser Beckoning         Tloc           16%        N/A       12%         2
 Freeze                   Ice            12%        1d3       17%         1
 Momentum Strike          Conj/Tloc      8%         3d8       22%         2
 Foxfire                  Conj/Fire      0%         2x1d4     30%         1
 Shock                    Conj/Air       0%         1d3       30%         1
 Scorch                   Fire           0%         2d5       43%         2
 Frozen Ramparts          Ice            6%         1d1       45%         3
 Hailstorm                Conj/Ice       2%         3d3       56%         3
 Spider Form              Tmut/Pois      0%         N/A       67%         3
 Swiftness                Air            0%         N/A       67%         3
 Anguish                  Hex/Necr       1%         N/A       91%         4
 Airstrike                Air            0%         2d(0-16)  97%         4
 Fireball                 Conj/Fire      0%         3d3       100%        5
 Death Channel            Necr           0%         N/A       100%        6


Dungeon Overview and Level Annotations

Branches:
Dungeon (7/15)             Temple (1/1) D:5         Ossuary (visited)

Altars:
Ashenzari
Dithmenos
Elyvilon
Fedhas
Gozag
Hepliaklqana
Makhleb
Nemelex Xobeh
Okawaru
Ru
Sif Muna
Uskayaw
Vehumet
Wu Jian
Xom
Yredelemnul
The Shining One

Shops:
D:3 =


Innate Abilities, Weirdness & Mutations

You are very small and have problems with some larger weapons.
You are too small for most types of armour.
You have supernaturally acute eyesight. (SInv)
You cover ground extremely quickly. (Speed+++)


Message History

The steam dragon breathes steam at you. The ball of steam hits you!
You hear a shout! x2
Casting: Ensorcelled Hibernation (dangerous; 26% risk of failure)
Confirm with . or Enter, or press ? or * to list all spells.
Aiming: Ensorcelled Hibernation (dangerous; 26% risk of failure)
Press: ? - help, Shift-Dir - straight line, f/p - steam dragon
Aim: a steam dragon (catching its breath, chance to affect: 37%)
You miscast Ensorcelled Hibernation.
Nothing appears to happen.
You are engulfed in a cloud of scalding steam.
The steam dragon closely misses you. The steam dragon claws you.
Casting: Ensorcelled Hibernation (dangerous; 26% risk of failure)
Confirm with . or Enter, or press ? or * to list all spells.
Aiming: Ensorcelled Hibernation (dangerous; 26% risk of failure)
Press: ? - help, Shift-Dir - straight line, f/p - steam dragon
Aim: a steam dragon (chance to affect: 37%)
You miscast Ensorcelled Hibernation.
Nothing appears to happen.
You are engulfed in a cloud of scalding steam.
The steam dragon breathes steam at you. The ball of steam misses you.
You hear a shout! x2
You hit the steam dragon.
The steam dragon is lightly wounded.
You are engulfed in a cloud of scalding steam.
* * * LOW HITPOINT WARNING * * *
The steam dragon bites you.
* * * LOW HITPOINT WARNING * * *
The steam dragon barely misses you.
Okay, then.
Press: ? - help, v - describe, . - travel
Here: a steam dragon (lightly wounded)
The floor.
Casting: Ensorcelled Hibernation (dangerous; 26% risk of failure)
Confirm with . or Enter, or press ? or * to list all spells.
Aiming: Ensorcelled Hibernation (dangerous; 26% risk of failure)
Press: ? - help, Shift-Dir - straight line, f/p - steam dragon
Aim: a steam dragon (lightly wounded, chance to affect: 37%)
The steam dragon easily resists.
You are engulfed in a cloud of scalding steam.
You die...

#.#.. ...
........... #.
#.........
#........
....... ..(..
... #D# #@# #§#
#§# #§#
#######.#####.#
..............#
...####.#######
#.# #.#


You could see a steam dragon.

Vanquished Creatures
  Sigmund (D:3)
  Edmund (D:6)
  A water moccasin (D:7)
  2 ice beasts (D:6)
  An ogre (D:3)
  An elf zombie (Ossuary)
  A centaur (D:7)
  A bullfrog (D:6)
  A howler monkey (D:4)
  A jelly (D:5)
  A sleepcap (D:6)
  Crazy Yiuf (D:5)
  2 orc priests
  3 hounds
  4 orc wizards
  3 mummies (Ossuary)
  Robin (D:2)
  2 adders
  7 gnolls
  A white imp (D:6)
  4 adder zombies (Ossuary)
  2 worms (D:2)
  3 dart slugs
  8 orcs
  4 bats
  8 endoplasms
  2 giant cockroaches
  10 goblins
  12 hobgoblins
  8 jackals
  2 kobolds (D:4)
  4 quokkas
  3 ball pythons
  2 frilled lizards
  4 hobgoblin zombies (Ossuary)
  5 kobold zombies (Ossuary)
  2 quokka zombies (Ossuary)
  A rat (D:1)
  2 rat zombies (Ossuary)
  A spectral hobgoblin (D:5)
123 creatures vanquished.

Notes
Turn   | Place    | Note
-------+----------+-------------------------------------------
     0 | D:5      | monsoonserge the Spriggan Delver began the quest for the
                  | Orb.
     0 | D:5      | Reached XP level 1. HP: 11/11 MP: 2/2
     9 | Temple   | Entered the Ecumenical Temple
   248 | Temple   | Became a worshipper of Uskayaw the Reveller
   332 | D:5      | Reached * piety under Uskayaw
   338 | D:5      | Reached ** piety under Uskayaw
   501 | D:4      | Found a broken altar of Ashenzari.
   553 | D:4      | Identified the +3 leather armour "Jidiety" {Contam rF+
                  | Str+2 Stlth+}
   576 | D:4      | Noticed a hound
   579 | D:4      | Killed a hound
   580 | D:4      | Reached skill level 8 in Stealth
   580 | D:4      | Reached XP level 2. HP: 16/16 MP: 3/3
   580 | D:4      | Reached XP level 3. HP: 19/19 MP: 4/4
   653 | D:4      | Found a sand-covered staircase.
   660 | Ossuary  | Entered an ossuary
   700 | Ossuary  | Reached *** piety under Uskayaw
   707 | Ossuary  | Reached **** piety under Uskayaw
   710 | Ossuary  | Reached XP level 4. HP: 20/23 MP: 5/5
   767 | Ossuary  | Reached skill level 9 in Stealth
   767 | Ossuary  | Reached skill level 1 in Invocations
   767 | Ossuary  | Reached XP level 5. HP: 16/28 MP: 3/7
  1159 | D:3      | Noticed Sigmund
  1167 | D:3      | Killed Sigmund
  1168 | D:3      | Reached XP level 6. HP: 32/32 MP: 8/8
  1301 | D:3      | Found Bodoz's Jewellery Emporium.
  1422 | D:2      | Noticed Robin
  1441 | D:2      | Killed Robin
  2052 | D:1      | Reached skill level 10 in Stealth
  2536 | D:2      | Got the Information on Resurrection and Embers
  3260 | D:3      | Reached XP level 7. HP: 36/36 MP: 9/9
  3455 | D:4      | Learned a level 2 spell: Blink
  3691 | D:4      | Reached skill level 1 in Translocations
  4184 | D:4      | Found a shimmering blue altar of Sif Muna.
  4197 | D:4      | Found a sparkling altar of Nemelex Xobeh.
  4277 | D:5      | Found a runed translucent door.
  4278 | D:5      | Noticed Crazy Yiuf
  4293 | D:5      | Killed Crazy Yiuf
  4441 | D:5      | Found a hazy altar of Hepliaklqana.
  4500 | D:5      | Reached skill level 11 in Stealth
  4532 | D:5      | Found an ornate altar of the Wu Jian Council.
  4539 | D:5      | Noticed a spectral centipede
  4539 | D:5      | Noticed a spectral black mamba
  4539 | D:5      | Noticed a spectral cane toad
  4581 | D:5      | Reached skill level 1 in Evocations
  4796 | D:6      | Reached skill level 1 in Spellcasting
  4797 | D:6      | Noticed Edmund
  4801 | D:6      | Reached XP level 8. HP: 40/40 MP: 11/11
  4805 | D:6      | Killed Edmund
  4806 | D:6      | Reached skill level 5 in Short Blades
  4868 | D:6      | Reached skill level 12 in Stealth
  4936 | D:6      | Learned a level 2 spell: Ensorcelled Hibernation
  4971 | D:6      | Found a burning altar of Makhleb.
  4976 | D:6      | Found a blossoming altar of Fedhas.
  5319 | D:7      | Reached skill level 1 in Ice Magic
  5471 | D:7      | Reached skill level 1 in Hexes
  5918 | D:7      | Engulfed by a steam dragon's steam

Illustrated notes

Levels and vault maps discovered:
D:1:      scummos_arrival_forest, layout_basic
D:2:      layout_loops_ring, kennysheep_generic_room_9, uniq_robin
D:3:      layout_loops_ring, serial_shops, nicolae_lakefront_shop,
          minmay_crystal_water, kennysheep_cross_room, uniq_sigmund
D:4:      layout_layer_cave, ashenzari_conservatory_becter,
          mainiacjoe_overflow_swirl, chequers_ossuary_entry_cave
D:5:      layout_rooms, pdpol_wu_jian_five_deadly_venoms,
          nicolae_hepliaklqana_monster_ancestors, temple_fountains,
          uniq_crazy_yiuf_cottage
D:6:      layout_cave_pools, nicolae_overflow_hidden_temple, uniq_edmund
D:7:      layout_basic, serial_shops, kennysheep_mini, item_on_display_a
Temple:   dpeg_chambers_temple

Skill      XL: |  1  2  3  4  5  6  7  8 |
---------------+-------------------------+-----
Stealth        | 8 9 10 11 12 | 12.0
Dodging        | 3 4 |  4.5
Fighting       | 3 |  3.5
Short Blades   | 3 4 5 |  5.4
Invocations    | 1 2 3 |  3.9
Translocations | 2 3 |  3.4
Evocations     | 2 |  2.0
Spellcasting   | 1 |  1.5
Ice Magic      | 1 |  1.3
Hexes          | 1 |  1.6
Throwing       | |  0.4

Action                     |  1- 3 |  4- 6 |  7- 9 || total
---------------------------+-------+-------+-------++-------
  Melee: Short sword       |    54 |    97 |       ||   151
         Punch             |     1 |     2 |       ||     3
         Dagger            |       |    71 |   118 ||   189
  Throw: Dart              |       |       |     2 ||     2
   Cast: Ensorcelled Hiber |       |       |     5 ||     5
 Invoke: Stomp             |       |     1 |     2 ||     3
         Line Pass         |       |       |     1 ||     1
   Stab: Sleeping          |     3 |    28 |     7 ||    38
         Paralysed         |     1 |     5 |     2 ||     8
         Distracted        |       |     1 |     1 ||     2
 Armour: Robe              |     1 |     7 |    10 ||    18
  Dodge: Dodged            |    41 |    61 |    63 ||   165
